 Dungeon Crawl Stone Soup version 0.13.0-19-g8e0b589 (webtiles) character file.

119551 Charos the Bludgeoner (level 16, -4/135 (139) HPs)
             Began as a Minotaur Ice Elementalist on Oct 23, 2013.
             Was a High Priest of Okawaru.
             Blown up by a cacodemon (36 damage)
             ... with a bolt of energy
             ... on Level 1 of the Abyss on Oct 25, 2013.
             The game lasted 03:22:44 (40066 turns).

Charos the Bludgeoner (Minotaur Ice Elementalist)  Turns: 40066, Time: 03:22:44

HP  -4/135 (139) AC 25     Str 18      XL: 16   Next: 26%
MP  22/24        EV 17     Int 12      God: Okawaru [*****.]
Gold 814         SH 26     Dex 11      Spells:  1 memorised, 16 levels left

Res.Fire  : + . .   See Invis. : +   q - +3,+4 demon whip (flame)
Res.Cold  : + + .   Warding    : .   V - +6 scale mail "Qublehig" {+Inv rF+ SInv}
Life Prot.: + . .   Conserve   : .   d - +0 shield {reflect}
Res.Poison: +       Res.Corr.  : .   a - +5 wizard hat of Leapfrog {rC+}
Res.Elec. : .       Clarity    : .   l - +0 cloak "Luehavea" {rPois rC+ rN+}
Sust.Abil.: . .     Spirit.Shd : .   t - +0 pair of gloves
Res.Mut.  : +       Stasis     : .   B - +0 pair of boots of the Scribe {rPois}
Res.Rott. : .       Flight     : .   A - amulet of resist mutation
Saprovore : . . .                    e - ring of regeneration
                                     f - ring of Shaolin {EV+8}

@: slowed, heroism, very slow, somewhat resistant to hostile enchantments,
unstealthy
A: retaliatory headbutt, horns 2, blurry vision 1, deformed body, Str -2
a: Heroism, Finesse, Renounce Religion, Evoke Invisibility


You were on level 1 of the Abyss.
You worshipped Okawaru.
Okawaru was extremely pleased with you.
You were not hungry.

You visited 4 branches of the dungeon, and saw 28 of its levels.
You visited the Abyss 1 time.
You also visited: Labyrinth, Ice Cave and Volcano.

You collected 3332 gold pieces.
You spent 2538 gold pieces at shops.

Inventory:

Hand weapons
 q - a +3,+4 demon whip of flaming (weapon)
Armour
 a - the +5 wizard hat of Leapfrog (worn) {rC+}
   (You acquired it on level 2 of the Orcish Mines)

   It protects you from cold.
 d - a +0 shield of reflection (worn)
 l - the +0 cloak "Luehavea" (worn) {rPois rC+ rN+}
   (Okawaru gifted it to you on level 13 of the Dungeon)

   It protects you from cold.
   It protects you from poison.
   It protects you from negative energy.
 o - a +0 plate armour of cold resistance
 t - a +0 pair of gloves (worn)
 B - the +0 pair of boots of the Scribe (worn) {rPois}
   (You found it on level 11 of the Dungeon)

   It protects you from poison.
 G - a +0 cloak
 V - the +6 scale mail "Qublehig" (worn) {+Inv rF+ SInv}
   (You found it in a labyrinth)

   It protects you from fire.
   It enhances your eyesight.
   It lets you turn invisible.
Magical devices
 p - a wand of disintegration (16)
 H - a wand of disintegration (7)
 K - a wand of digging (11)
 N - a wand of lightning (0)
 R - a wand of polymorph (11)
Comestibles
 b - a meat ration
 c - 11 bread rations
Scrolls
 h - a scroll of identify
 i - a scroll of remove curse
 j - a scroll of amnesia {unknown}
Jewellery
 e - a ring of regeneration (right hand)
 f - the ring of Shaolin (left hand) {EV+8}
   (You bought it in a shop on level 4 of the Orcish Mines)

   [ring of evasion]

   It affects your evasion (+8).
 m - an uncursed ring of teleportation
 u - an uncursed ring of protection from fire {unknown}
 z - an uncursed amulet of stasis
 A - an amulet of resist mutation (around neck)
 L - an uncursed ring of protection from magic
 S - a +6,+4 ring of slaying {unknown}
 Y - an uncursed ring of fire
Potions
 g - 4 potions of curing
 s - a potion of brilliance
 P - a potion of resistance
 X - a potion of speed
Books
 r - a book of Maledictions

   Spells                             Type                      Level
   Corona                             Hexes                        1
   Sure Blade                         Hexes/Charms                 2
   Ensorcelled Hibernation            Hexes/Ice                    2
   Confuse                            Hexes                        3
   Enslavement                        Hexes                        4
   Invisibility                       Hexes                        6
Miscellaneous
 n - a stone of tremors
 I - a stone of tremors
 W - a stone of tremors


   Skills:
 + Level 15.7(20.7) Fighting
 + Level 20.1(25.1) Maces & Flails
 + Level 15.8(20.8) Armour
 - Level 3.2(8.2) Dodging
 - Level 1.5(6.5) Stealth
 + Level 8.4(13.4) Shields
 - Level 1.0 Spellcasting
   Level 0.6 Conjurations
 - Level 2.1 Ice Magic
 - Level 7.0 Invocations
 + Level 8.4 Evocations


You had 16 spell levels left.
You knew the following spells:

 Your Spells              Type           Power        Failure   Level  Hunger
a - Freeze                Ice            #...         28%         1    ##.....


Dungeon Overview and Level Annotations

Branches:
Dungeon (15/27)            Temple (1/1) D:4             Orc (4/4) D:10
    Elf (0/3) Orc:3          Lair (8/8) D:8          Shoals (0/5) Lair:3
  Snake (0/5) Lair:5        Slime (0/6) Lair:7
 Vaults: D:15-20

Altars:
Ashenzari
Cheibriados
Elyvilon
Fedhas
Kikubaaqudgha
Makhleb
Nemelex Xobeh
Okawaru
Sif Muna
Trog
Vehumet
Xom
Yredelemnul
Zin
the Shining One
Jiyva
Lugonu

Shops:
D:7 [   D:8 *(   D:9 (   Orc:2 ?   Orc:4 *(=[

Annotations:
Lair:8 3 exclusions


Innate Abilities, Weirdness & Mutations

You reflexively headbutt those who attack you in melee.
You have a pair of horns on your head.
Your vision is a little blurry.
Armour fits poorly on your strangely shaped body.
You are weak. (Str -2)


Message History

The unseen horror misses you. The iron golem hits you!
* * * LOW HITPOINT WARNING * * *
You block the cacodemon's attack.
The cacodemon hits you but does no damage.
Drink which item? (? for menu, Esc to quit)
You feel much better. The unseen horror misses you.
You block the iron golem's attack. The cacodemon barely misses you.
You furiously retaliate!
You headbutt the cacodemon. You block the cacodemon's attack.
Use which ability? (? or * to list)
You gain the combat prowess of a mighty hero.
You feel slightly more hungry. The cacodemon gestures at you.
Strange energies course through your body.
You feel weaker.
The iron golem hits you but does no damage.
The unseen horror barely misses you. The cacodemon gestures at you.
The bolt of energy hits you!
You die...

. # .## ## #.##
#.### #
...#.#.###...##..
......#..........
.........x......# .
........@8........
........2#..........
.....###.#.#..#(#.
.... . ##..#.#..)
.## #..#...# ## ##
### #.. #.#.# . #..#
..#....# . ##...##
.....# #. #.#.
........#


You could see an iron golem, a cacodemon and an unseen horror (invisible).

Vanquished Creatures
  A bone dragon (Abyss:1)
  Donald (Orc:3)
  A fire giant (D:13)
  A frost giant (IceCv)
  An orc warlord (Orc:4)
  A tentacled starspawn (Abyss:1)
  Gastronok (D:10)
  The ghost of slix the Hoplite, a powerful GrFi of Fedhas (Lair:6)
  A minotaur (Lab)
  8 hydras
  Erica (Lair:2)
  15 death yaks (Lair:8)
  2 orc high priests (Orc:4)
  An iron golem (D:13)
  A very ugly thing (Abyss:1)
  4 centaur warriors
  3 catoblepae (Lair:8)
  4 skeletal warriors (D:14)
  A spatial maelstrom (Abyss:1)
  A giant orange brain (Abyss:1)
  5 hill giants
  4 large abominations (Abyss:1)
  6 unseen horrors
  An ice statue (IceCv)
  Erolcha (D:8)
  A giant amoeba (D:13)
  Pikel (D:8)
  6 orc knights
  4 orc sorcerers
  6 black mambas
  A wolf spider (D:12)
  3 griffons
  10 elephants
  A guardian serpent (Lair:5)
  Maurice (D:8)
  A feature mimic (Lair:8)
  6 spiny frogs
  An orange demon (Orc:4)
  Psyche (D:10)
  A mottled draconian zombie (Abyss:1)
  A hydra zombie (D:14)
  Grinder (D:6)
  3 ancient zymes (Abyss:1)
  A fire drake (Lair:5)
  3 trolls
  A blue devil (Abyss:1)
  13 polar bears (IceCv)
  A catoblepas zombie (D:14)
  9 komodo dragons
  A queen bee (Lair:6)
  A wind drake (shapeshifter) (D:12)
  A boulder beetle (Lair:8)
  2 slime creatures
  A two-headed ogre (D:9)
  A grizzly bear (Lair:3)
  2 griffon zombies
  A ynoxinul (Abyss:1)
  26 ugly things
  A water elemental (D:11)
  32 blink frogs
  7 starcursed masses (Abyss:1)
  3 trapdoor spiders
  4 shadows
  2 wraiths
  An octopode (Abyss:1)
  3 basilisks
  8 wyverns
  A steam dragon (D:12)
  3 elephant slugs
  52 yaks
  A hog (D:10)
  A golden eye (Abyss:1)
  Grum (D:8)
  2 hill giant zombies
  5 hungry ghosts
  2 neqoxecs
  4 vampire mosquitoes
  17 hippogriffs
  2 necrophages
  4 manticores (Lair:3)
  Menkaure (D:7)
  21 wolves
  4 hell hounds (Abyss:1)
  13 porcupines
  A rock worm (D:13)
  28 orc warriors
  7 phantoms
  3 sky beasts
  3 small abominations (Abyss:1)
  A black bear (D:10)
  7 ice beasts
  A human (D:10)
  18 crocodiles
  A giant goldfish (D:11)
  19 ogres
  5 centaurs
  7 giant slugs
  3 wargs (Orc:4)
  A yaktaur zombie (D:14)
  Blork the orc (D:15)
  A brain worm (Abyss:1)
  3 agate snails
  17 water moccasins
  22 giant frogs
  2 big kobolds
  A yaktaur skeleton (D:15)
  A rock worm zombie (D:14)
  2 cyclops skeletons
  An eye of draining (D:12)
  A yak zombie (D:13)
  4 wights
  2 troll zombies (D:10)
  A hippogriff zombie (D:12)
  A hippogriff skeleton (D:8)
  35 killer bees
  2 troll skeletons (D:12)
  2 electric eels (D:11)
  17 crimson imps
  5 goliath beetles
  A quasit (Orc:3)
  3 giant frog zombies
  A jelly (D:6)
  A warg zombie (Orc:4)
  24 orc priests
  12 hounds
  3 scorpions
  6 iguanas
  29 orc wizards
  A two-headed ogre skeleton (D:14)
  22 sheep
  9 worker ants
  A sky beast zombie (D:7)
  6 ogre zombies (D:10)
  A mummy (D:10)
  2 worker ant zombies
  4 giant centipedes
  23 adders
  A lemure (Abyss:1)
  A shadow imp (Orc:3)
  6 giant mites
  39 green rats
  A goliath beetle zombie (D:6)
  13 white imps
  3 worms
  12 ufetubi (Abyss:1)
  An adder zombie (D:5)
  A scorpion zombie (D:8)
  An adder skeleton (D:4)
  2 giant eyeballs (D:14)
  10 giant geckos
  2 oozes (D:6)
  159 orcs
  25 bats
  A bat skeleton (D:7)
  16 hobgoblins
  17 jackals
  13 quokkas
  3 ball pythons
  3 giant cockroaches
  A giant gecko skeleton (D:6)
  8 giant newts
  A giant newt skeleton (D:4)
  3 giant spores
  13 goblins
  3 goblin skeletons
  2 goblin zombies (D:10)
  A hobgoblin skeleton (D:10)
  6 hobgoblin zombies (D:10)
  27 kobolds
  4 orc skeletons (D:10)
  12 orc zombies
  12 rats
  4 ballistomycetes
  A fungus (D:8)
  A starspawn tentacle (Abyss:1)
1179 creatures vanquished.

Vanquished Creatures (collateral kills)
  A hellwing (Orc:4)
  2 orc warriors (Orc:4)
  An orc (Orc:4)
4 creatures vanquished.

Vanquished Creatures (others)
  An efreet (Orc:4)
  A hound (Lair:5)
  An orc (Orc:4)
  A giant spore (D:14)
  A rat (D:8)
  3 fungi
  A plant (Lair:8)
  6 starspawn tentacles (Abyss:1)
  224 starspawn tentacle segments (Abyss:1)
239 creatures vanquished.

Grand Total: 1422 creatures vanquished

Notes
Turn   | Place    | Note
--------------------------------------------------------------
     0 | D:1      | Charos, the Minotaur Ice Elementalist, began the quest for the Orb.
     0 | D:1      | Reached XP level 1. HP: 14/14 MP: 3/3
   166 | D:1      | Reached skill level 1 in Maces & Flails
   187 | D:1      | Reached XP level 2. HP: 14/20 MP: 0/3
   565 | D:1      | Reached skill level 1 in Fighting
  1089 | D:2      | Reached XP level 3. HP: 3/26 MP: 0/4
  2101 | D:3      | Reached skill level 1 in Armour
  2101 | D:3      | Reached skill level 3 in Dodging
  2101 | D:3      | Reached XP level 4. HP: 8/33 MP: 0/5
  2679 | D:3      | Found an ancient bone altar of Kikubaaqudgha.
  2735 | D:3      | Reached XP level 5. HP: 27/39 MP: 5/5
  3104 | D:4      | Found a white marble altar of Elyvilon.
  3107 | D:4      | Reached skill level 4 in Maces & Flails
  3384 | D:4      | Found a staircase to the Ecumenical Temple.
  3481 | Temple   | Entered the Ecumenical Temple
  3578 | Temple   | Became a worshipper of Warmaster Okawaru
  3710 | D:4      | Reached XP level 6. HP: 39/47 MP: 6/6
  4058 | D:4      | Reached skill level 5 in Maces & Flails
  4173 | D:5      | Entered Level 5 of the Dungeon
  4425 | D:5      | Reached skill level 6 in Maces & Flails
  4425 | D:5      | Reached XP level 7. HP: 51/53 MP: 6/6
  4583 | D:5      | Acquired Okawaru's first power
  4852 | D:5      | Reached skill level 7 in Maces & Flails
  5365 | D:6      | Reached skill level 5 in Armour
  5373 | D:6      | Noticed Grinder
  5378 | D:6      | Reached skill level 5 in Fighting
  5378 | D:6      | Reached XP level 8. HP: 29/62 MP: 4/7
  5383 | D:6      | Paralysed by Grinder for 6 turns
  5408 | D:6      | Killed Grinder
  5408 | D:6      | Reached skill level 8 in Maces & Flails
  5845 | D:6      | Reached skill level 9 in Maces & Flails
  6105 | D:6      | Reached XP level 9. HP: 70/70 MP: 8/8
  6198 | D:6      | Reached skill level 10 in Maces & Flails
  6903 | D:7      | Noticed Menkaure
  6918 | D:7      | Killed Menkaure
  7352 | D:7      | Found Klirugy's Armour Boutique.
  7434 | D:7      | HP: 3/71 [orc warrior/orcish halberd (10)]
  8313 | D:8      | Reached skill level 11 in Maces & Flails
  8608 | D:8      | Noticed Pikel
  8623 | D:8      | Killed Pikel
  8651 | D:8      | Noticed Erolcha
  8666 | D:8      | Killed Erolcha
  8666 | D:8      | Acquired Okawaru's second power
  8666 | D:8      | Reached skill level 12 in Maces & Flails
  8666 | D:8      | Reached XP level 10. HP: 5/80 MP: 8/8
  8991 | D:8      | Noticed Grum
  9363 | D:8      | Found a staircase to the Lair.
  9403 | D:8      | Found Pnarr's Antique Weapon Boutique.
  9407 | D:8      | Found Jifaihaq's Assorted Antiques.
  9417 | D:8      | Bought a viscous pink potion for 18 gold pieces
  9425 | D:8      | Killed Grum
  9542 | D:8      | Noticed Maurice
  9550 | D:8      | Killed Maurice
  9913 | D:8      | Found a bloodstained altar of Trog.
  9991 | Lair:1   | Entered Level 1 of the Lair of Beasts
 10334 | Lair:1   | Reached skill level 13 in Maces & Flails
 10505 | Lair:1   | Received a gift from Okawaru
 10527 | Lair:1   | Got a blackened dire flail {god gift}
 10528 | Lair:1   | Identified the dire flail of Odimpogh {god gift, crush, Int+2} (Okawaru gifted it to you on level 1 of the Lair of Beasts)
 10787 | Lair:1   | Reached skill level 10 in Armour
 10993 | Lair:1   | Reached XP level 11. HP: 78/89 MP: 8/8
 11202 | Lair:1   | Reached skill level 10 in Fighting
 11708 | Lair:2   | Noticed a six-headed hydra
 11716 | Lair:2   | Killed a six-headed hydra
 11716 | Lair:2   | Reached skill level 14 in Maces & Flails
 11765 | Lair:2   | Received a gift from Okawaru
 11768 | Lair:2   | Got a crude glaive {god gift}
 11909 | Lair:2   | Noticed Erica
 11917 | Lair:2   | Killed Erica
 11917 | Lair:2   | Reached skill level 1 in Invocations
 13057 | Lair:2   | Upgraded the game from 0.13.0-18-g7b03ea5 to 0.13.0-19-g8e0b589
 13209 | Lair:3   | Found a frozen archway.
 13222 | IceCv    | Entered an ice cave
 13400 | IceCv    | Reached skill level 15 in Maces & Flails
 13434 | IceCv    | Received a gift from Okawaru
 13844 | IceCv    | Noticed a frost giant
 13870 | IceCv    | Killed a frost giant
 13870 | IceCv    | Reached XP level 12. HP: 65/99 MP: 14/14
 13888 | IceCv    | Received a gift from Okawaru
 13892 | IceCv    | Got a transparent leather armour {god gift}
 14049 | IceCv    | Got a crystal glaive
 14264 | IceCv    | Noticed an ice statue
 14466 | IceCv    | Killed an ice statue
 14466 | IceCv    | Reached skill level 16 in Maces & Flails
 14763 | Lair:3   | Found a staircase to the Shoals.
 15633 | Lair:4   | Noticed a six-headed hydra
 15644 | Lair:3   | Killed a six-headed hydra
 15644 | Lair:3   | Reached skill level 5 in Invocations
 17018 | Lair:5   | Found a staircase to the Snake Pit.
 17224 | Lair:5   | Identified the -2 leather armour "Gokhluxia" {Int+3} (Okawaru gifted it to you in an ice cave)
 17267 | Lair:5   | Found a dark tunnel.
 17424 | Volcano  | Entered a volcano
 17582 | Volcano  | Reached XP level 13. HP: 82/107 MP: 18/18
 18569 | Lair:5   | Reached skill level 17 in Maces & Flails
 18897 | Lair:5   | Noticed an eight-headed hydra
 18910 | Lair:5   | Killed an eight-headed hydra
 19858 | Lair:6   | Received a gift from Okawaru
 20041 | Lair:6   | Noticed slix's ghost (powerful GrFi)
 20287 | Lair:6   | Found a labyrinth entrance.
 20294 | Lab      | Entered a labyrinth
 21163 | Lab      | Got a heavily runed jade ring
 21164 | Lab      | Got an ancient crossbow
 21164 | Lab      | Got an ancient whip
 21164 | Lab      | Got a shimmering hand axe
 21164 | Lab      | Got a shimmering scale mail
 21245 | Lair:6   | Identified the +6 scale mail "Qublehig" {+Inv rF+ SInv} (You found it in a labyrinth)
 21246 | Lair:6   | Identified the whip of the Wilderness {slash, Dex+3 Int+3} (You found it in a labyrinth)
 21906 | Lair:6   | Killed slix's ghost
 21906 | Lair:6   | Received a gift from Okawaru
 22658 | Lair:7   | Reached skill level 18 in Maces & Flails
 22718 | Lair:7   | Reached skill level 1 in Evocations
 22942 | Lair:7   | Found a viscous altar of Jiyva.
 23016 | Lair:7   | Identified the ring "Erifrymn" {+Inv Str+4 Dex-3} (You found it in a labyrinth)
 23448 | Lair:7   | Reached XP level 14. HP: 106/118 MP: 21/21
 23590 | Lair:7   | Received a gift from Okawaru
 23617 | Lair:7   | Found a staircase to the Slime Pits.
 23646 | Lair:7   | Identified the cursed glaive of Starshine {drain, +Blink} (You found it in an ice cave)
 23887 | Lair:8   | Entered Level 8 of the Lair of Beasts
 23955 | Lair:8   | Identified the crossbow of a bazaar {elec, +Inv MR+} (You found it in a labyrinth)
 25658 | Lair:8   | Received a gift from Okawaru
 26082 | Lair:8   | Reached skill level 19 in Maces & Flails
 26603 | Lair:4   | Noticed a seven-headed hydra
 26604 | Lair:4   | zammy: menin abyss 5 asti
 26604 | Lair:4   | zammy: testaan saako siitäki branch end pisteet
 26604 | Lair:4   | Charos: miksi?
 26604 | Lair:4   | Charos: ahaa
 26606 | Lair:4   | zammy: aattelin et runen kanssa sieltä varmaa pääsee nopeemmi pois
 26607 | Lair:4   | Charos: joo
 26613 | Lair:4   | Killed a seven-headed hydra
 26655 | Lair:4   | Charos: tossa ois joku ringi
 26661 | Lair:4   | zammy: ja ties vaikka tulis brand scrolli vastaan
 26661 | Lair:4   | zammy: ton voit saada vaan approlla
 26661 | Lair:4   | Charos: joo ja sitä ei ole
 26711 | Lair:2   | Charos: aaa nyt unpohtui vara-aseet lair 8:lle no ei niillä varmaan tee mitään
 26711 | Lair:2   | Charos: kauheesti 2 käden macei ja muita
 26745 | Lair:2   | Charos: vieläkään ei ole ollut kertaakaan swamppiä tässä turnauksessa
 26745 | Lair:2   | Charos: oisko 5 vai 6 kerta täällä turnauksessa
 26745 | Lair:2   | zammy: itel oli kerran
 26745 | Lair:2   | zammy: en saanu runee ku oli ihme viritelmä
 26745 | Lair:2   | Charos: ois saanut siitäkin pisteet
 26745 | Lair:2   | Charos: on kyllä ihan kummat nää statit
 26745 | Lair:2   | Charos: kun pelaa tälläisellä combo virityksellä
 26745 | Lair:2   | Charos: kyllä huomaa miten nopeesti nousee mace skilli tällä
 26745 | Lair:2   | Charos: ja kun vasta tuolta lairin pohjalta sain ekan kilven
 26745 | Lair:2   | Charos: oli kokoajan 40 tai 50 % siihen treenaus
 26745 | Lair:2   | Charos: melkein on sama jo nyt kuin oli nagalla lopussa
 26821 | D:9      | zammy: niinpä
 26900 | D:9      | Reached skill level 1 in Shields
 27032 | D:9      | Found Ytumeg's Weapon Boutique.
 27387 | D:10     | Entered Level 10 of the Dungeon
 27706 | D:10     | zammy: kyl siitä 5 pojoo irtos
 27712 | D:10     | Charos: ahaa
 27712 | D:10     | Charos: no pitää itsekin muistaa jos abyssiin menee loppupelissä
 27721 | D:10     | Found a staircase to the Orcish Mines.
 27952 | D:10     | Noticed Gastronok
 28000 | D:10     | Killed Gastronok
 28000 | D:10     | Reached skill level 5 in Evocations
 28008 | D:10     | Charos: jaa-a ponderous hattu
 28008 | D:10     | Charos: ois ollut mieluummin alchemisti
 28037 | D:10     | Charos: jos rupeaa loitsimaan toi on hyvä
 28393 | D:10     | Noticed Psyche
 28398 | D:10     | Killed Psyche
 28402 | D:10     | Charos: varmaan joka pelissä oon tappanyt psychen
 28747 | D:11     | Got a pair of polished boots
 28751 | D:11     | Identified the +0 pair of boots of the Scribe {rPois} (You found it on level 11 of the Dungeon)
 29578 | D:12     | zammy: jos saisin valita ni ottasin ihan joka pelis alkemistihatun
 29578 | D:12     | Charos: joo
 29578 | D:12     | Charos: se on kylklä hyvä
 29586 | D:12     | Found a corrupted altar of Lugonu.
 29765 | D:12     | Got an ichor-stained whip
 29766 | D:12     | Identified the whip of Xyocure {venom, Contam rPois MR++ SInv Stlth+} (You found it on level 12 of the Dungeon)
 29767 | D:12     | Charos: tuo mutagenic energy ei varmaan oo hyvä
 29768 | D:12     | zammy: näitä saatanan storm dragonejaki on ihan miljoonia ku ei oo relec
 29769 | D:12     | Charos: just niin
 29775 | D:12     | Identified the cursed +1,+3 hand axe of Conversion {elec, rC++ Str-1} (You found it in a labyrinth)
 29794 | D:12     | Gained mutation: Armour fits poorly on your strangely shaped body. [mutagenic glow]
 29830 | D:12     | Charos: onks tuo demon whip of flaming parempi kuin tämä
 29830 | D:12     | Charos: taitas olla
 29859 | D:12     | Reached XP level 15. HP: 108/128 MP: 22/22
 29934 | D:12     | Received a gift from Okawaru
 30265 | D:12     | zammy: on se kyl
 30265 | D:12     | zammy: tossa on nii huono base damage
 30266 | D:12     | Charos: jep .. se jäi vahingossa sinne lairiin
 30266 | D:12     | Charos: pitää hakee
 31113 | D:12     | Reached skill level 5 in Shields
 31330 | Lair:2   | zammy: just
 31366 | Lair:4   | Charos: mitös
 31366 | Lair:4   | zammy: ois brand weapon ja vois opetlla sen freeze spellin ja ois enchantoimaton eveningstar
 31432 | Lair:5   | zammy: mut se on -2-3
 31625 | Lair:3   | zammy: kait luen sen tohon +7 prottiin ja toivon ettei siitä tuu chaos..
 31641 | Lair:2   | Charos: ei voi tulla
 31656 | Lair:2   | zammy: voipas
 31656 | Lair:2   | zammy: on tulluki
 31656 | Lair:2   | Charos: se on poissuljettu.... venom voi tulla.. se on ehkä huonoin
 31656 | Lair:2   | zammy: nyt tuli venom
 31656 | Lair:2   | zammy: 2% mahkut on chaokselle. kerran oon sen saanu
 31656 | Lair:2   | zammy: muutuin siaks samalla ku luin sen scrollin
 31656 | Lair:2   | Charos: joo.. näköjään .. distortion ei voi
 31677 | Lair:2   | zammy: mokoma venom
 31677 | Lair:2   | zammy: se on kyl melkee turhempi se prot oli
 31677 | Lair:2   | Charos: joo ehkä huonin
 31818 | Orc:1    | Entered Level 1 of the Orcish Mines
 31923 | Orc:2    | zammy: mitähän toivos acquirella
 31923 | Orc:2    | Charos: oon siun ruudulla
 32115 | Orc:2    | Found a glowing golden altar of the Shining One.
 32117 | Orc:2    | Found Shoecyky's Magic Scroll Boutique.
 32227 | Orc:2    | Bought a scroll of acquirement for 624 gold pieces
 32228 | Orc:2    | zammy: armori
 32228 | Orc:2    | Charos: niin varmaan
 32228 | Orc:2    | zammy: niis on parantamisen varaa
 32228 | Orc:2    | Charos: jep
 32228 | Orc:2    | Charos: paljonkin
 32229 | Orc:2    | Got a fine wizard hat
 32233 | Orc:2    | Identified the +5 wizard hat of Leapfrog {rC+} (You acquired it on level 2 of the Orcish Mines)
 32233 | Orc:2    | Charos: no ei huono
 32233 | Orc:2    | zammy: hiukka parempi ku miulla :)
 32865 | Orc:1    | zammy: nonii
 32923 | Orc:2    | zammy: sain lennon
 33017 | Orc:2    | zammy: nyt pääsee kattoon tän mysteeripaikan
 33419 | Orc:3    | Found a staircase to the Elven Halls.
 33589 | Orc:3    | Noticed Donald
 33605 | Orc:3    | Killed Donald
 33885 | Orc:3    | Gained mutation: Your vision is a little blurry. [a neqoxec]
 33889 | Orc:3    | zammy: mistäs oot saanu?
 33889 | Orc:3    | Charos: neq tuli näkyviin ja heti tuli
 33889 | Orc:3    | Charos: ja resistin läpi kummatkin
 33889 | Orc:3    | Charos: en tiedä mistä tuo toinen tuli
 33908 | Orc:3    | Charos: ois kiva cure löytää
 33955 | Orc:4    | Entered Level 4 of the Orcish Mines
 34047 | Orc:4    | Found Bluluaw's General Store.
 34077 | Orc:4    | zammy: ruokaki meinaa loppua
 34337 | Orc:4    | zammy: katos mitä mutaatiota itelläon
 34931 | Orc:4    | Found Weegoef's Antique Weapon Boutique.
 34996 | Orc:4    | Found Stresh's Antique Armour Shop.
 35082 | Orc:4    | Found Ofaz's Jewellery Emporium.
 35095 | Orc:4    | Received a gift from Okawaru
 35105 | Orc:4    | zammy: kevyesti iskee toi warlord
 35105 | Orc:4    | Charos: joo
 35108 | Orc:4    | Charos: ei tele laukee
 35378 | Orc:4    | zammy: kiva,draconian knightit voi tormenttaa
 35378 | Orc:4    | zammy: en tiennykkää ennen
 35378 | Orc:4    | Charos: aika paskan mallinen viimeinen kerros, niin avointa
 36033 | Orc:4    | Reached skill level 15 in Armour
 36118 | Orc:4    | Charos: en sit tajunnut tuota silenceä vetästä
 36343 | Orc:4    | Bought an uncursed ring of regeneration for 360 gold pieces
 36343 | Orc:4    | Bought the ring of Shaolin {EV+8} for 1536 gold pieces
 36908 | D:13     | Reached skill level 15 in Fighting
 37489 | D:13     | Received a gift from Okawaru
 37490 | D:13     | Got a bloodstained cloak {god gift}
 37623 | D:13     | Identified the +0 cloak "Luehavea" {rPois rC+ rN+} (Okawaru gifted it to you on level 13 of the Dungeon)
 38008 | D:14     | Entered Level 14 of the Dungeon
 38692 | D:14     | Paralysed by a giant eyeball for 2 turns
 38720 | D:14     | Paralysed by a giant eyeball for 3 turns
 38958 | D:15     | Entered Level 15 of the Dungeon
 39121 | D:15     | Noticed Blork the orc
 39132 | D:15     | Killed Blork the orc
 39133 | D:15     | Found a deep blue altar of Sif Muna.
 39222 | D:15     | Cast into the Abyss (wizard)
 39282 | Abyss:1  | Reached XP level 16. HP: 138/138 MP: 24/24
 39377 | Abyss:1  | Noticed a bone dragon
 39424 | Abyss:1  | Killed a bone dragon
 39424 | Abyss:1  | Reached skill level 20 in Maces & Flails
 39613 | Abyss:1  | Found a radiant altar of Vehumet.
 40066 | Abyss:1  | Gained mutation: You are weak. (Str -2) [a cacodemon]
 40066 | Abyss:1  | Blown up by a cacodemon

Action                   |  1- 3 |  4- 6 |  7- 9 | 10-12 | 13-15 | 16-18 || total
-------------------------+-------+-------+-------+-------+-------+-------++-------
Melee: Whip              |    19 |       |       |       |   801 |       ||   820
       Mace              |    56 |    32 |       |       |       |       ||    88
       Flail             |       |   151 |   133 |       |       |       ||   284
       Great mace        |       |       |   194 |   139 |       |       ||   333
       Dire flail        |       |       |       |   607 |   723 |       ||  1330
       Demon whip        |       |       |       |    38 |  1019 |   245 ||  1302
Throw: Hand axe          |       |       |    15 |     3 |     7 |       ||    25
       Dagger            |       |       |       |       |     2 |       ||     2
 Cast: Freeze            |    23 |       |       |       |       |       ||    23
Invok: Heroism           |       |       |     6 |     9 |    16 |     2 ||    33
       Finesse           |       |       |       |     3 |     6 |       ||     9
Evoke: Wand              |       |     4 |    26 |     8 |    42 |       ||    80
       Miscellaneous     |       |       |       |       |     4 |       ||     4
  Use: Potion            |     2 |     2 |     5 |     9 |     9 |     4 ||    31
       Scroll            |       |    14 |     5 |     8 |    22 |     2 ||    51
 Stab: Distracted        |       |       |       |       |     1 |       ||     1
